 Dungeon Crawl Stone Soup version 0.19.1 (webtiles) character file.

22126 Haldmier the Martial Artist (level 12, -2/60 HPs)
             Began as a Vine Stalker Transmuter on Dec 26, 2016.
             Was the Champion of Okawaru.
             Slain by a spiny frog (14 damage)
             ... on level 2 of the Lair of Beasts.
             The game lasted 01:34:24 (16582 turns).

Haldmier the Martial Artist (VSTm)                 Turns: 16582, Time: 01:34:25

Health: -2/60      AC: 14    Str: 13    XL:     12   Next: 97%
Magic:  0/29       EV: 12    Int: 17    God:    Okawaru [******]
Gold:   484        SH:  0    Dex: 16    Spells: 7 memorised, 1 level left

rFire  + . .     SeeInvis +       - Unarmed
rCold  + + .     Gourm    .     w - +3 robe of the Sun {rF+ rC++}
rNeg   . . .     Faith    .     (no shield)
rPois  +         Spirit   +     p - +2 helmet
rElec  .         Reflect  .     H - +2 cloak {rPois}
rCorr  .         Harm     .     s - +2 pair of gloves
MR     +....                    (no boots)
Stlth  +++.......               v - amulet of rage
                                P - ring of magical power
                                U - ring of see invisible

@: repel missiles
A: fangs 3, regeneration 2, magic shield, antimagic bite, no device heal 3, rot
immunity
a: Heroism, Finesse, Renounce Religion, Evoke Berserk Rage


You were on level 2 of the Lair of Beasts.
You worshipped Okawaru.
Okawaru was exalted by your worship.
You were not hungry.

You visited 2 branches of the dungeon, and saw 14 of its levels.

You collected 994 gold pieces.
You spent 510 gold pieces at shops.

Inventory:

Hand Weapons
 b - a +1 hunting sling
Missiles
 a - 224 arrows
 x - 135 sling bullets
 C - 17 tomahawks
 F - 4 javelins (quivered)
Armour
 p - a +2 helmet (worn)
 q - the +2 robe of Raufaadi {rN+ Stlth+}
   (You bought it in a shop on level 10 of the Dungeon)

   It protects you from negative energy.
   It makes you more stealthy.
 s - a +2 pair of gloves (worn)
 w - the +3 robe of the Sun (worn) {rF+ rC++}
   (Okawaru gifted it to you on level 2 of the Lair of Beasts)

   It protects you from fire.
   It greatly protects you from cold.
 H - a +2 cloak of poison resistance (worn)
Jewellery
 v - an amulet of rage (around neck)
 P - a ring of magical power (right hand)
 U - a ring of see invisible (left hand)
Wands
 e - a wand of acid (7/15)
 k - a wand of paralysis (12/24)
 E - a wand of flame (25/48)
 I - a wand of digging (15/24)
 L - a wand of polymorph (5/24)
 O - a wand of acid (4/15)
 S - a wand of heal wounds (4/9)
 W - a wand of iceblast (6/15)
Scrolls
 g - 3 scrolls of remove curse
 j - a scroll of identify
 l - a scroll of fog
 n - 2 scrolls of blinking
 u - 4 scrolls of teleportation
 Y - a scroll of fear
Potions
 i - 2 potions of invisibility
 r - a potion of flight
 t - 4 potions of might
 G - 3 potions of curing
 K - 2 potions of resistance
 R - 2 potions of agility
 T - 4 potions of ambrosia
Miscellaneous
 f - a box of beasts
 h - a phial of floods (inert)
Comestibles
 c - a meat ration
 d - 6 bread rations
 B - 6 beef jerkies
 D - 11 fruits


   Skills:
 + Level 5.2 Fighting
 + Level 1.5 Dodging
 - Level 4.0 Stealth
 * Level 13.8 Unarmed Combat
 + Level 4.8 Spellcasting
 - Level 3.0 Charms
 + Level 10.1 Transmutations
 - Level 4.0 Ice Magic
 + Level 2.4 Air Magic
 - Level 2.0 Poison Magic
 + Level 6.4 Invocations
 + Level 3.5 Evocations


You had one spell level left.
You knew the following spells:

 Your Spells              Type           Power        Failure   Level  Hunger
a - Beastly Appendage     Tmut           #####.       1%          1    None
b - Sticks to Snakes      Tmut           #####...     1%          2    #......
c - Spider Form           Tmut/Pois      ###.......   4%          3    ###....
d - Ice Form              Ice/Tmut       ####....     10%         4    ####...
e - Blade Hands           Tmut           #####.....   10%         5    ######.
f - Repel Missiles        Chrm/Air       ##....       10%         2    #......
g - Swiftness             Chrm/Air       ##......     10%         2    #......


Dungeon Overview and Level Annotations

Branches:
Dungeon (11/15)            Temple (0/1) D:6            Lair (3/6) D:11
  Swamp (0/4) Lair:2          Orc (0/2) D:9
  Snake: Lair:2-4    Spider: Lair:2-4

Altars:
Cheibriados
Dithmenos
Elyvilon
Fedhas
Okawaru
Sif Muna
Trog
Vehumet
Xom
Zin
Beogh

Shops:
D:10 [=   D:11 }

Annotations:
D:10 A few items


Innate Abilities, Weirdness & Mutations

You have razor-sharp teeth.
You heal very quickly.
When hurt, damage is shared between your health and your magic reserves.
Your bite disrupts and absorbs the magic of your enemies.
Potions and wands cannot restore your health.
You are immune to rotting.


Message History

Your talons disappear.
The spiny frog stings you. x2; The basilisk bites you.
The spiny frog stings you!
* * * LOW HITPOINT WARNING * * *
The spiny frog stings you!
* * * LOW HITPOINT WARNING * * *
You turn to flesh and can move again.
You climb upwards.
There is a stone staircase leading down here.
You take 49 damage, and have 11/60 hp.
MASSIVE DAMAGE!!
You now have 5/29 mp.
Press: ? - help, v - describe, . - travel
Here: a spiny frog The floor.
Evoke which item? (* to show all) (? for menu, Esc to quit)
Zapping:
S - a wand of heal wounds (will waste charges)
Press: ? - help, Shift-Dir - straight line, f - you That seemed strangely inert.
Evoking this partially-identified wand wasted a few charges.
The spiny frog stings you!!
You die...

....P###...............#
......................##
.....#.....##P........#
....#########.........#
...## #.........# ...#
##........# ...##
#.##.....# ...P#
##..F†+...# ...####
#####..P@.#...##
...#P.###.P##P.........#
...............#......##
###.P..........#......#
..................P...##
....P..........#..#....#
....#..........#..#...P#
....#..........#......##
....#..........#......#


You could see a spiny frog.

Vanquished Creatures
  The ghost of Kite the Severer, a journeyman MiBe of Trog (D:11)
  2 hydras (Lair:2)
  Maurice (D:10)
  A centaur zombie (D:11)
  3 spiny frogs (Lair:2)
  A komodo dragon (Lair:2)
  A troll (D:11)
  A two-headed ogre (D:8)
  6 dream sheep (Lair:2)
  3 hippogriffs
  5 blink frogs (Lair:1)
  27 yaks
  A wraith (D:11)
  4 basilisks
  Eustachio (D:4)
  2 wyverns (Lair:2)
  A hungry ghost (D:7)
  Menkaure (D:7)
  6 porcupines
  8 water moccasins
  3 ice beasts
  10 orc warriors
  4 black bears
  A phantom (D:11)
  4 sky beasts
  An eye of draining (D:9)
  7 ogres
  7 wolves (Lair:2)
  4 centaurs
  8 crocodiles
  13 bullfrogs
  2 scorpions
  8 killer bees
  12 wights
  4 howler monkeys
  11 crimson imps
  A quasit (D:7)
  A jelly (D:7)
  8 orc priests
  Crazy Yiuf (D:4)
  2 centaur skeletons
  8 hounds
  12 orc wizards
  A bullfrog skeleton (D:10)
  6 iguanas
  Natasha (thrice) (D:2)
  13 worker ants
  4 hound skeletons
  A worker ant zombie (D:9)
  Robin (D:2)
  A howler monkey skeleton (D:4)
  9 adders
  5 river rats (D:11)
  A shadow imp (D:5)
  2 oozes
  An adder skeleton (D:4)
  2 worms (D:3)
  2 dart slugs
  The ghost of dscm the Digger, a weakling OpEE (D:3)
  10 leopard geckos
  44 orcs
  A ball python (D:3)
  8 bats
  6 giant cockroaches
  21 goblins
  16 hobgoblins
  24 jackals
  5 quokkas
  A ball python skeleton (D:4)
  4 frilled lizards
  8 kobolds
  A quokka skeleton (D:4)
  9 rats
419 creatures vanquished.

Vanquished Creatures (collateral kills)
  A two-headed ogre (D:8)
  A wight (D:10)
  An orc wizard (D:9)
3 creatures vanquished.

Vanquished Creatures (others)
  2 bushes (D:11)
  3 fungi
  9 plants
14 creatures vanquished.

Grand Total: 436 creatures vanquished

Notes
Turn   | Place    | Note
-------+----------+-------------------------------------------
     0 | D:1      | Haldmier the Vine Stalker Transmuter began the quest for the Orb.
     0 | D:1      | Reached XP level 1. HP: 9/9 MP: 4/4
   291 | D:1      | Reached XP level 2. HP: 10/14 MP: 4/6
   856 | D:1      | Reached XP level 3. HP: 14/17 MP: 7/7
  1264 | D:1      | Reached skill level 4 in Unarmed Combat
  1561 | D:2      | Noticed Natasha
  1872 | D:2      | Found an iron altar of Okawaru.
  1874 | D:2      | Found a snail-covered altar of Cheibriados.
  1894 | D:1      | Learned a level 3 spell: Spider Form
  2027 | D:2      | Killed Natasha
  2027 | D:2      | Gained mutation: Your natural rate of healing is unusually fast. [Vine Stalker growth]
  2027 | D:2      | Reached XP level 4. HP: 14/21 MP: 2/8
  2038 | D:1      | Learned a level 2 spell: Sticks to Snakes
  2080 | D:2      | Noticed Robin
  2261 | D:2      | Noticed Natasha
  2268 | D:2      | Killed Natasha
  2268 | D:2      | Reached XP level 5. HP: 14/25 MP: 1/9
  2360 | D:2      | Reached skill level 1 in Poison Magic
  2363 | D:2      | Noticed Natasha
  2385 | D:2      | Killed Natasha
  2385 | D:2      | Reached skill level 5 in Unarmed Combat
  3226 | D:2      | Killed Robin
  3331 | D:2      | Became a worshipper of Warmaster Okawaru
  3418 | D:3      | Reached XP level 6. HP: 29/29 MP: 10/10
  3614 | D:3      | Noticed dscm's ghost (weakling OpEE)
  3646 | D:3      | Killed dscm's ghost
  4014 | D:3      | Found a blossoming altar of Fedhas.
  4234 | D:4      | Found a runed door.
  4240 | D:4      | Noticed Crazy Yiuf
  4249 | D:4      | HP: 1/29 [Crazy Yiuf/quarterstaff of chaos (13)]
  4252 | D:4      | Killed Crazy Yiuf
  4348 | D:4      | Noticed Eustachio
  4362 | D:4      | Killed Eustachio
  4362 | D:4      | Reached skill level 6 in Unarmed Combat
  4420 | D:4      | Reached * piety under Okawaru
  4420 | D:4      | Reached XP level 7. HP: 24/32 MP: 1/11
  4787 | D:4      | Reached skill level 7 in Unarmed Combat
  5088 | D:4      | Learned a level 4 spell: Ice Form
  5090 | D:5      | Entered Level 5 of the Dungeon
  5238 | D:5      | Reached skill level 5 in Transmutations
  5238 | D:5      | Reached skill level 1 in Ice Magic
  5238 | D:5      | Gained mutation: You have razor-sharp teeth. [Vine Stalker growth]
  5238 | D:5      | Reached XP level 8. HP: 32/37 MP: 7/12
  5330 | D:5      | Found a white marble altar of Elyvilon.
  5435 | D:5      | Got a blackened dagger
  5669 | D:5      | Reached ** piety under Okawaru
  5797 | D:6      | Reached skill level 1 in Stealth
  5931 | D:6      | Reached skill level 8 in Unarmed Combat
  5939 | D:6      | You fall through a shaft!
  6224 | D:7      | Noticed Menkaure
  6237 | D:6      | Reached XP level 9. HP: 40/40 MP: 14/14
  6252 | D:7      | Killed Menkaure
  6585 | D:6      | Reached *** piety under Okawaru
  6670 | D:6      | Reached skill level 9 in Unarmed Combat
  6797 | D:6      | Found a staircase to the Ecumenical Temple.
  7146 | D:6      | Found a glowing silver altar of Zin.
  7552 | D:7      | Reached skill level 10 in Unarmed Combat
  7564 | D:7      | Reached **** piety under Okawaru
  7573 | D:7      | Got a bloodstained chain mail
  7807 | D:7      | Reached XP level 10. HP: 32/44 MP: 15/15
  8159 | D:7      | Found a bloodstained altar of Trog.
  8584 | D:7      | Reached skill level 1 in Invocations
  8753 | D:7      | Identified the +5 dagger of Dividends {speed, MP+9} (You found it on level 5 of the Dungeon)
  8764 | D:7      | Identified the +2 chain mail of Obbabihe {rElec Str+3} (You took it off an orc on level 7 of the Dungeon)
  8958 | D:8      | Reached skill level 11 in Unarmed Combat
  9351 | D:8      | Reached ***** piety under Okawaru
  9624 | D:8      | Found a shadowy altar of Dithmenos.
  9624 | D:8      | Found a radiant altar of Vehumet.
  9940 | D:8      | Reached skill level 1 in Fighting
 10097 | D:8      | Received a gift from Okawaru
 10747 | D:9      | Reached XP level 11. HP: 39/51 MP: 15/16
 10817 | D:9      | Reached skill level 12 in Unarmed Combat
 10990 | D:9      | Found a shimmering altar of Xom.
 11022 | D:9      | Found a roughly hewn altar of Beogh.
 11022 | D:9      | Found a staircase to the Orcish Mines.
 11250 | D:9      | Found a deep blue altar of Sif Muna.
 11292 | D:9      | Identified Sif Muna's Volume of Creation
 11530 | D:9      | Learned a level 5 spell: Blade Hands
 11532 | D:10     | Entered Level 10 of the Dungeon
 11532 | D:10     | Noticed Maurice
 11545 | D:10     | Killed Maurice
 11739 | D:10     | Found Eddamoq's Antique Armour Shoppe.
 11750 | D:10     | Bought a bloodstained leather armour for 154 gold pieces
 11765 | D:10     | Identified the +1 leather armour of Noon {Str+5} (You bought it in a shop on level 10 of the Dungeon)
 11765 | D:10     | Bought a ripped robe for 125 gold pieces
 11775 | D:10     | Identified the +2 robe of Raufaadi {rN+ Stlth+} (You bought it in a shop on level 10 of the Dungeon)
 11775 | D:10     | Bought a pair of glowing gloves for 231 gold pieces
 11795 | D:10     | Found Oqetweg's Jewellery Shop.
 11966 | D:10     | HP: 1/52 [worker ant (3)]
 12789 | D:10     | Received a gift from Okawaru
 12803 | D:10     | Got a twisted quick blade {god gift}
 12804 | D:10     | Identified the +0 quick blade of Eternal Harmony {drain, *Corrode +Fly rPois rN++} (Okawaru gifted it to you on level 10 of the Dungeon)
 12972 | D:11     | Reached ****** piety under Okawaru
 13058 | D:11     | Reached skill level 5 in Invocations
 13149 | D:11     | Reached skill level 13 in Unarmed Combat
 13310 | D:11     | Reached skill level 1 in Evocations
 13481 | D:11     | Found a staircase to the Lair.
 13552 | D:11     | Gained mutation: You heal very quickly. [Vine Stalker growth]
 13552 | D:11     | Reached XP level 12. HP: 58/58 MP: 18/18
 13568 | D:11     | Received a gift from Okawaru
 13593 | D:11     | Got a fine chain mail {god gift}
 13605 | D:11     | Identified the +4 chain mail of the Bruised Suns {rElec rF- rC- rCorr Int+6} (Okawaru gifted it to you on level 11 of the Dungeon)
 13696 | D:11     | Learned a level 2 spell: Repel Missiles
 13696 | D:11     | Found Lyocs's Gadget Shoppe.
 13817 | D:11     | Noticed Kite's ghost (journeyman MiBe)
 14331 | D:11     | Killed Kite's ghost
 14331 | D:11     | Reached skill level 1 in Charms
 14331 | D:11     | Reached skill level 1 in Air Magic
 14355 | Lair:1   | Entered Level 1 of the Lair of Beasts
 14824 | Lair:1   | Got a slimy cloak
 15148 | Lair:1   | Identified the cursed -7 cloak "Guoquziden" {rElec rC- Str+3 Dex+4} (You found it on level 1 of the Lair of Beasts)
 15250 | Lair:2   | Noticed an eight-headed hydra
 15282 | Lair:2   | Killed an eight-headed hydra
 15400 | Lair:2   | Found a staircase to the Swamp.
 15816 | Lair:2   | Reached skill level 5 in Fighting
 15833 | Lair:2   | Reached skill level 10 in Transmutations
 15938 | Lair:2   | Received a gift from Okawaru
 15941 | Lair:2   | Got a heavy robe {god gift}
 16017 | Lair:2   | Noticed an eight-headed hydra
 16154 | Lair:1   | Learned a level 2 spell: Swiftness
 16165 | Lair:1   | Identified the +3 robe of the Sun {rF+ rC++} (Okawaru gifted it to you on level 2 of the Lair of Beasts)
 16466 | Lair:2   | Killed an eight-headed hydra
 16519 | Lair:3   | Noticed a seven-headed hydra
 16582 | Lair:2   | Slain by a spiny frog

Skill      XL: |  1  2  3  4  5  6  7  8  9 10 11 12 |
---------------+-------------------------------------+-----
Unarmed Combat | 4 5 6 7 8 10 11 13 | 13.8
Transmutations | 3 4 5 7 8 9 10 | 10.1
Poison Magic   | 1 2 |  2.0
Ice Magic      | 1 3 4 |  4.0
Spellcasting   | 3 4 |  4.8
Stealth        | 3 4 |  4.0
Invocations    | 3 5 6 |  6.4
Fighting       | 2 4 5 |  5.2
Evocations     | 1 3 |  3.5
Charms         | 3 |  3.0
Air Magic      | 2 |  2.4
Dodging        | |  1.5

Action                   |  1- 3 |  4- 6 |  7- 9 | 10-12 || total
-------------------------+-------+-------+-------+-------++-------
Melee: Unarmed           |   125 |   190 |   338 |   826 ||  1479
       Bite              |    23 |    34 |    44 |   117 ||   218
       Kick              |    11 |    23 |    57 |   103 ||   194
       Headbutt          |    12 |     4 |       |       ||    16
       Punch             |     3 |     2 |     4 |    13 ||    22
 Fire: Hunting sling     |       |    14 |       |       ||    14
Throw: Stone             |     1 |     1 |       |       ||     2
       Tomahawk          |       |     1 |     2 |     4 ||     7
       Javelin           |       |       |       |     5 ||     5
 Cast: Beastly Appendage |    29 |    37 |    43 |    72 ||   181
       Spider Form       |     1 |     6 |    16 |    43 ||    66
       Sticks to Snakes  |       |     2 |     3 |    19 ||    24
       Ice Form          |       |       |       |     3 ||     3
       Blade Hands       |       |       |       |     6 ||     6
       Repel Missiles    |       |       |       |     1 ||     1
Invok: Heroism           |       |       |     1 |       ||     1
       Finesse           |       |       |       |     2 ||     2
Evoke: Wand              |       |       |       |    11 ||    11
       Phial of floods   |       |       |       |     1 ||     1
  Use: Scroll            |       |     4 |     2 |    20 ||    26
       Potion            |       |       |       |     1 ||     1
 Stab: Sleeping          |     3 |     1 |     2 |     9 ||    15
       Distracted        |       |       |       |     4 ||     4
  Eat: Chunk             |     4 |    10 |    14 |    33 ||    61
       Pizza             |       |       |       |     1 ||     1
       Royal jelly       |       |       |       |     1 ||     1
Armor: Robe              |    21 |    24 |       |   101 ||   146
       Animal skin       |       |    23 |    54 |    52 ||   129
       Skin              |       |     1 |     7 |    20 ||    28
Dodge: Dodged            |    65 |   153 |   202 |   472 ||   892
